 Dungeon Crawl Stone Soup version 0.28.0-47-ge53b351184 (webtiles) character file.

Game seed: 17849319200997626581

92 pkoi the Charlatan (level 4, -4/34 HPs)
             Began as a Demigod Artificer on Apr 25, 2022.
             Killed from afar by an orc wizard (7 damage)
             ... with a puff of flame
             ... on level 2 of the Dungeon.
             The game lasted 00:02:26 (2862 turns).

pkoi the Charlatan (Demigod Artificer)              Turns: 2862, Time: 00:02:27

Health: -4/34      AC:  7    Str: 13    XL:     4   Next: 13%
Magic:  6/6        EV:  9    Int: 17    God:
Gold:   69         SH:  0    Dex: 14    Spells: 3/3 levels left

rFire   . . .      SeeInvis .   f - +0 flail
rCold   . . .      Faith    .   (no shield)
rNeg    . . .      Spirit   .   j - +0 scale mail
rPois   .          Reflect  .   k - +0 helmet
rElec   .          Harm     .   (no cloak)
rCorr   .          Rampage  .   (no gloves)
Will    .....                   (no boots)
Stlth   ..........              (no amulet)
HPRegen 0.11/turn               (no ring)
MPRegen 0.10/turn               (no ring)

@: no status effects
A: high MP 1, forlorn, divine attributes
a: no special abilities


You were on level 2 of the Dungeon.
You visited 1 branch of the dungeon, and saw 3 of its levels.

You collected 69 gold pieces.

Inventory:

Hand Weapons
 a - a +0 club
 f - a +0 flail (weapon)
Armour
 b - a +0 leather armour
 g - a +0 ring mail
 j - a +0 scale mail (worn)
 k - a +0 helmet (worn)
Wands
 c - a wand of flame (15) (quivered)
 d - a wand of charming (15)
Scrolls
 h - a scroll of silence {unknown}
 i - 2 scrolls of identify {unknown}
 l - a scroll of holy word {unknown}
 m - a scroll of teleportation {unknown}
 p - a scroll of amnesia {unknown}
Potions
 n - a potion of flight {unknown}
 o - a potion of curing {unknown}
 q - 2 potions of magic {unknown}
 r - a potion of lignification {unknown}
 s - a potion of ambrosia {unknown}
 t - a potion of cancellation {unknown}
Miscellaneous
 e - a piece from Xom's chessboard (15/15)


   Skills:
 - Level 0.8 Fighting
 - Level 1.7 Armour
 - Level 0.8 Dodging
 - Level 0.8 Stealth
 + Level 2.4 Unarmed Combat
 + Level 3.8 Evocations


You had 3 spell levels left.
You didn't know any spells.
Your spell library was empty.

Dungeon Overview and Level Annotations

Branches:
Dungeon (3/15)


Innate Abilities, Weirdness & Mutations

You have an increased reservoir of magic. (+10% MP)
You shall have no god before yourself.
Your divine heritage dramatically boosts your attributes as you level up.


Message History

You barely miss the orc.
The orc is severely wounded.
The orc hits you with a +0 falchion.
* * * LOW HITPOINT WARNING * * *
You closely miss the orc.
The orc is severely wounded.
The orc hits you with a +0 falchion.
* * * LOW HITPOINT WARNING * * *
The orc wizard mumbles some strange words.
The orc wizard flickers and vanishes!
Deactivating autopickup; reactivate with Ctrl-A.
You barely miss the orc.
The orc is severely wounded.
The orc hits you with a +0 falchion.
* * * LOW HITPOINT WARNING * * *
The orc hits you with a +0 falchion.
* * * LOW HITPOINT WARNING * * *
Unknown command.
You hit the orc.
You kill the orc!
Something hits you.
* * * LOW HITPOINT WARNING * * *
You are poisoned.
Unknown command.
You feel sick. Something hits you.
* * * LOW HITPOINT WARNING * * *
A mysterious force pulls you upwards. The hatch slams shut behind you.
Reactivating autopickup.
You feel sick.
Unknown command.
You feel sick.
You feel sick.
You feel sick.
You feel sick.
You are no longer poisoned.
Okay, then.
A puff of flame appears from out of thin air!
Deactivating autopickup; reactivate with Ctrl-A.
The puff of flame hits you!
You die...

######## #......#######
#............#
#......#####.########
#.....@## #........#
######..###########.###
##..{### #...# ###...##
###.. ###..## ##.
##..## ## ##..#####
##.....# #######.####


There were no monsters in sight!

Vanquished Creatures
  An adder (D:3)
  An adder skeleton (D:2)
  2 worms (D:2)
  A dart slug (D:3)
  An orc (D:3)
  7 ball pythons
  5 endoplasms
  A giant cockroach (D:1)
  4 goblins
  5 hobgoblins (D:1)
  8 jackals
  5 quokkas
  9 bats
  4 frilled lizards
  7 kobolds
  4 rats
65 creatures vanquished.

Notes
Turn   | Place    | Note
-------+----------+-------------------------------------------
     0 | D:1      | pkoi the Demigod Artificer began the quest for the Orb.
     0 | D:1      | Reached XP level 1. HP: 15/15 MP: 3/3
   198 | D:1      | Reached skill level 3 in Evocations
   200 | D:1      | Reached skill level 1 in Unarmed Combat
   350 | D:1      | Reached XP level 2. HP: 22/22 MP: 4/4
   719 | D:1      | Reached XP level 3. HP: 12/27 MP: 5/5
  2511 | D:3      | Reached XP level 4. HP: 24/34 MP: 6/6
  2862 | D:2      | Killed from afar by an orc wizard

Illustrated notes

Levels and vault maps discovered:
D:1:      dpeg_arrival_short_road, layout_basic
D:2:      layout_rooms, kennysheep_generic_room_4
D:3:      layout_loops_ring, zin_statuary, kennysheep_okawaru_gauntlet,
          mainiacjoe_overflow_alcove_4, shapermc_ecumenical_altar_hornbeckon,
          dk_noncrumbling_3, minmay_misc_feat_secret_circle, uniq_sigmund,
          uniq_terence

Skill      XL: |  1  2  3 |
---------------+----------+-----
Evocations     | 3 |  3.8
Unarmed Combat | 1 2 |  2.4
Fighting       | |  0.8
Armour         | |  1.7
Dodging        | |  0.8
Stealth        | |  0.8

Action                   |  1- 3 |  4- 6 || total
-------------------------+-------+-------++-------
Melee: Flail             |   197 |    11 ||   208
       Punch             |     4 |     1 ||     5
Armor: Ring mail         |    18 |       ||    18
       Leather armour    |     1 |       ||     1
       Scale mail        |   109 |     5 ||   114
Dodge: Dodged            |   121 |     4 ||   125
